 Dungeon Crawl Stone Soup version 0.22-a0-368-g870eee8 (webtiles) character file.

4 dstrtnsr the Vexing (level 1, -1/18 HPs)
             Began as an Ogre Enchanter on Apr 23, 2018.
             Slain by a quokka (5 damage)
             ... on level 2 of the Dungeon.
             The game lasted 00:01:30 (220 turns).

dstrtnsr the Vexing (Ogre Enchanter)                 Turns: 220, Time: 00:01:31

Health: -1/18      AC:  3    Str: 11    XL:     1   Next: 70%
Magic:  2/4        EV: 10    Int: 16    God:
Gold:   23         SH:  0    Dex:  9    Spells: 4/5 levels left

rFire    . . .     SeeInvis .   a - +1 dagger
rCold    . . .     Gourm    .   (no shield)
rNeg     . . .     Faith    .   b - +0 robe
rPois    .         Spirit   .   (helmet restricted)
rElec    .         Reflect  .   (no cloak)
rCorr    .         Harm     .   (gloves unavailable)
MR       .....                  (boots unavailable)
Stlth    ++........             (no amulet)
HPRegen  0.06/turn              (no ring)
MPRegen  0.09/turn              (no ring)

@: no status effects
A: large, unfitting armour, tough skin 1
a: no special abilities


You were on level 2 of the Dungeon.
You were not hungry.

You visited 1 branch of the dungeon, and saw 2 of its levels.

You collected 23 gold pieces.

Inventory:

Hand Weapons
 a - a +1 dagger (weapon)
Armour
 b - a +0 robe (worn)
Scrolls
 c - a scroll of random uselessness {unknown}
 e - 3 scrolls of identify {unknown}
 f - a scroll of remove curse {unknown}
Comestibles
 d - 4 rations {!d}


   Skills:
 + Level 0.7 Fighting
 - Level 1.0 Short Blades
 + Level 1.9 Dodging
 - Level 2.1 Stealth
 + Level 2.5 Spellcasting
 - Level 2.6 Hexes


You had 4 spell levels left.
You knew the following spells:

 Your Spells              Type           Power        Failure   Level  Hunger
a - Corona                Hex            ##.....      6%          1    #......


Dungeon Overview and Level Annotations

Branches:
Dungeon (2/15)

Altars:


Innate Abilities, Weirdness & Mutations

You are too large for most types of armour.
You have tough skin. (AC +1)


Message History

Aim: a hobgoblin, wielding a club (chance to defeat MR: 63%)
The hobgoblin is outlined in light.
You barely miss the hobgoblin. The hobgoblin hits you with a club.
Damage: -6%(-1hp) hp: 88%(14hp)
You hit the hobgoblin.
The hobgoblin is heavily wounded.
The hobgoblin hits you with a club.
Huge Dmg: -31%(-5hp) hp: 57%(9hp)
You hit the hobgoblin.
The hobgoblin is almost dead.
The hobgoblin closely misses you.
You hit the hobgoblin.
You kill the hobgoblin!
Things that are here:
a club; a hobgoblin corpse Unknown command.
You see here a ration {!d}.
d - 3 rations {!d} (gained 1)
Found a scroll labeled WICEUTROESU.
You see here a scroll labeled WICEUTROESU.
e - 3 scrolls labeled WICEUTROESU (gained 1)
Found a scroll labeled YDWELI SIVOC.
A kobold comes into view. It is wielding a whip.
The kobold shouts!
A kobold comes into view. It is wielding a short sword.
You see here a scroll labeled YDWELI SIVOC.
f - a scroll labeled YDWELI SIVOC Unknown command.
Casting: Corona (safe; 7% risk of failure)
Confirm with . or Enter, or press ? or * to list all spells.
Aiming: Corona (safe; 7% risk of failure)
Press: ? - help, Shift-Dir - straight line, f - kobold
Aim: a kobold, wielding a whip (chance to defeat MR: 63%)
The kobold is outlined in light.
You barely miss the kobold. The kobold hits you with a whip.
Damage: -11%(-2hp) hp: 67%(12hp)
You hit the kobold.
You kill the kobold!
You see here a whip.
You found a teleport trap!
Really walk into that teleport trap?
You enter a teleport trap!
The teleport trap disappears.
Your surroundings suddenly seem different.
Found a stone staircase leading down.
Found a ration.
There is a stone staircase leading down here.
You see here a ration {!d}.
d - 4 rations {!d} (gained 1)
There is a stone staircase leading down here.
You climb downwards.
A quokka comes into view.
Found 43 stones and 9 gold pieces.
There is a stone staircase leading up here.
Unknown command.
Casting: Corona (safe; 6% risk of failure)
Confirm with . or Enter, or press ? or * to list all spells.
Aiming: Corona (safe; 6% risk of failure)
Press: ? - help, Shift-Dir - straight line, f - quokka
Aim: a quokka (chance to defeat MR: 63%)
The quokka is outlined in light.
The quokka twitches its whiskers.
You hit the quokka.
The quokka is moderately wounded.
The quokka closely misses you.
You hit the quokka but do no damage.
The quokka is moderately wounded.
The quokka bites you.
Damage: -11%(-2hp) hp: 67%(12hp)
You closely miss the quokka.
The quokka is moderately wounded.
The quokka barely misses you. The quokka bites you.
Damage: -5%(-1hp) hp: 62%(11hp)
You hit the quokka.
The quokka is heavily wounded.
The quokka bites you but does no damage.
You hit the quokka.
The quokka is severely wounded.
The quokka bites you.
* * * LOW HITPOINT WARNING * * *
Huge Dmg: -22%(-4hp) hp: 45%(8hp)
You closely miss the quokka.
The quokka is severely wounded.
The quokka twitches its whiskers.
The quokka bites you.
* * * LOW HITPOINT WARNING * * *
Huge Dmg: -22%(-4hp) hp: 23%(4hp)
You aren't carrying any items that you can evoke.
Unknown command.
You barely miss the quokka.
The quokka is severely wounded.
The quokka stops glowing.
The quokka barely misses you.
Unknown command.
Casting: Corona (safe; 6% risk of failure)
Confirm with . or Enter, or press ? or * to list all spells.
Aiming: Corona (safe; 6% risk of failure)
Press: ? - help, Shift-Dir - straight line, f/p - quokka
Aim: a quokka (severely wounded, chance to defeat MR: 63%)
The quokka is outlined in light.
The quokka bites you.
You die...

####### # .#
##.....#.#
...###........#
..$....r......#
#..@......#
#..<......#
..............#
.###...(......#
............#
..............#
...##.........#
#.. #..(......#
#. ..........#


You could see a quokka.

Vanquished Creatures
  A hobgoblin (D:1)
  A kobold (D:1)
  A ball python (D:1)
  2 rats (D:1)
5 creatures vanquished.

Notes
Turn   | Place    | Note
-------+----------+-------------------------------------------
     0 | D:1      | dstrtnsr the Ogre Enchanter began the quest for the Orb.
     0 | D:1      | Reached XP level 1. HP: 16/16 MP: 3/3
    95 | D:1      | Reached skill level 1 in Short Blades
   218 | D:2      | HP: 4/18 [quokka (4)]
   220 | D:2      | Slain by a quokka

Vault maps used:
D:1:      eino_arrival_cavern_a
D:2:      grunt_temple_overflow_diamond, lemuel_doored_altar, first_ration,
          uniq_robin

Skill      XL: |  1 |
---------------+----+-----
Short Blades   | 1 |  1.0
Fighting       | |  0.7
Dodging        | |  1.9
Stealth        | |  2.1
Spellcasting   | |  2.5
Hexes          | |  2.6

Action                   || total
-------------------------++-------
Melee: Dagger            ||    19
 Cast: Corona            ||     7
Armor: Robe              ||     3
Dodge: Dodged            ||     5

Table legend:
 A = Spawn XP
 B = Non-spawn XP
 C = Spawn XP percentage of total XP
 D = Spawn monster count
 E = Non-spawn monster count
 F = Spawn count percentage of total count
 G = Total turns spent on level
                    A         B        C        D         E        F      G
               +---------+---------+-------+---------+---------+-------+---------
         Total |       0 |       7 |   0.0 |       0 |       5 |   0.0 |   220
               +---------+---------+-------+---------+---------+-------+---------
           D:1 |       0 |       7 |   0.0 |       0 |       5 |   0.0 |   210
               +---------+---------+-------+---------+---------+-------+---------
